 Dungeon Crawl Stone Soup version 0.26-a0-1164-g1a551d6a14 (webtiles) character file.

Game seed: 6724533283774048148

70 uibert the Vexing (level 4, -4/26 HPs)
             Began as a Kobold Arcane Marksman on Dec 23, 2020.
             Slain by a gnoll
             ... wielding a +0 spear
              (10 damage)
             ... on level 2 of the Dungeon.
             The game lasted 00:04:51 (2008 turns).

uibert the Vexing (Kobold Arcane Marksman)          Turns: 2008, Time: 00:04:53

Health: -4/26      AC:  3    Str:  8    XL:     4   Next: 44%
Magic:  7/7        EV: 15    Int: 14    God:
Gold:   68         SH:  0    Dex: 15    Spells: 6/7 levels left

rFire    . . .     SeeInvis .   f - +0 dagger (venom)
rCold    . . .     Faith    .   (shield restricted)
rNeg     . . .     Spirit   .   e - +0 robe
rPois    .         Reflect  .   m - +0 helmet
rElec    .         Harm     .   (no cloak)
rCorr    .         Rampage  .   (no gloves)
Will     .....                  (no boots)
Stlth    +++.......             (no amulet)
HPRegen  0.08/turn              (no ring)
MPRegen  0.10/turn              (no ring)

@: no status effects
A: small, nightstalker 3
a: no special abilities


You were on level 2 of the Dungeon.
You visited 1 branch of the dungeon, and saw 2 of its levels.

You collected 68 gold pieces.

Inventory:

Hand Weapons
 a - a +0 hand crossbow
 f - a +0 dagger of venom (weapon)
Missiles
 d - 13 bolts
Armour
 e - a +0 robe (worn)
 m - a +0 helmet (worn)
Jewellery
 l - an uncursed ring of willpower {unknown}
Scrolls
 g - 3 scrolls of remove curse {unknown}
 h - a scroll of random uselessness {unknown}
 j - 5 scrolls of identify {unknown}
 k - 3 scrolls of teleportation {unknown}
 n - 2 scrolls of fear {unknown}
 o - a scroll of enchant weapon {unknown}
Potions
 b - a potion of curing {unknown}
 c - a potion of brilliance {unknown}
 i - 3 potions of flight {unknown}


   Skills:
 + Level 2.0 Fighting
 + Level 3.0 Crossbows
 + Level 2.9 Dodging
 + Level 2.0 Stealth
 + Level 2.0 Spellcasting
 + Level 3.3 Hexes


You had 6 spell levels left.
You knew the following spells:

 Your Spells              Type           Power        Failure   Level
a - Corona                Hex            11%          6%          1

Your spell library contained the following spells:

 Spells                   Type           Power        Failure   Level
 Slow                     Hex            10%          9%          2
 Inner Flame              Hex/Fire       6%           34%         3
 Portal Projectile        Hex/Tloc       12%          34%         3
 Cause Fear               Hex            5%           52%         4
 Leda's Liquefaction      Hex/Erth       3%           75%         4


Dungeon Overview and Level Annotations

Branches:
Dungeon (2/15)

Altars:


Innate Abilities, Weirdness & Mutations

You are small and have problems with some larger weapons.
You are completely attuned to the shadows.


Message History

* * * LOW HITPOINT WARNING * * *
You hit the gnoll but do no damage.
The gnoll looks as sick as possible!
The gnoll is moderately wounded.
The gnoll hits you from afar with a +0 spear.
* * * LOW HITPOINT WARNING * * *
The gnoll hits you but does no damage.
You hit the gnoll but do no damage.
The gnoll is moderately wounded.
The gnoll barely misses you. The gnoll misses you.
You hit the gnoll but do no damage.
The gnoll looks as sick as possible!
The gnoll is heavily wounded.
The gnoll barely misses you. The gnoll misses you.
You hit the gnoll.
The gnoll looks as sick as possible!
The gnoll is severely wounded.
The gnoll completely misses you. The gnoll misses you.
You hit the gnoll but do no damage.
The gnoll looks as sick as possible!
The gnoll is almost dead.
You kill the gnoll!
The gnoll hits you from afar with a +0 spear!
You die...

. #.....# .
#####.# .# #.# .#.
#.# ... #.# ...
#.# ## #g# #)#
######## #@#
.......#########.#
######...........#
#############


You could see a gnoll.

Vanquished Creatures
  2 gnolls (D:2)
  2 adders (D:2)
  A worm (D:2)
  2 leopard geckos
  2 bats
  2 giant cockroaches (D:1)
  6 goblins
  4 hobgoblins
  7 jackals (D:1)
  4 kobolds
  4 rats
36 creatures vanquished.

Notes
Turn   | Place    | Note
-------+----------+-------------------------------------------
     0 | D:1      | uibert the Kobold Arcane Marksman began the quest for the
                  | Orb.
     0 | D:1      | Reached XP level 1. HP: 12/12 MP: 2/2
   182 | D:1      | Reached XP level 2. HP: 16/16 MP: 3/3
   357 | D:1      | Reached skill level 1 in Stealth
   756 | D:1      | Reached XP level 3. HP: 20/20 MP: 5/5
  1461 | D:2      | Reached XP level 4. HP: 26/26 MP: 6/6
  2008 | D:2      | Slain by a gnoll

Illustrated notes

Levels and vault maps discovered:
D:1:      ebering_hopf_link, layout_basic, minmay_misc_feat_chi
D:2:      layout_loops_cross, lemuel_zombie_altar_kikubaaqudgha

Skill      XL: |  1  2  3  4 |
---------------+-------------+-----
Stealth        | 1 2 |  2.0
Crossbows      | 3 |  3.0
Fighting       | 2 |  2.0
Spellcasting   | 2 |  2.0
Dodging        | |  2.9
Hexes          | |  3.3

Action                   |  1- 3 |  4- 6 || total
-------------------------+-------+-------++-------
Melee: Dagger            |    43 |    23 ||    66
 Fire: Hand crossbow     |    23 |     2 ||    25
 Stab: Sleeping          |    11 |     2 ||    13
Armor: Robe              |     4 |     2 ||     6
Dodge: Dodged            |    33 |    22 ||    55

Table legend: (Time is in decaauts)
 A = Elapsed time spent in this place.
 B = Non-inter-level travel time spent in this place.
 C = Inter-level travel time spent in this place.
 D = Time resting spent in this place.
 E = Time spent auto-exploring this place.
 F = Levels seen in this place.
 G = Mean time per level.
                   A        B        C        D        E       F      G
               +--------+--------+--------+--------+--------+-----+--------+
         Total |   2014 |   1998 |     16 |    393 |   1164 |   2 | 1007.0 |
       Dungeon |   2014 |   1998 |     16 |    393 |   1164 |   2 | 1007.0 |
               +--------+--------+--------+--------+--------+-----+--------+

Top non-repeatable levels by time:
     D:1: 1231 daAuts
     D:2: 783 daAuts
